MLB
TORONTO BLUE JAYS @ TAMPA BAY RAYS
09/07/2019
 
TOP OF THE 1ST
Toronto Blue Jays batting - Pitching for Tampa Bay Rays : LHP James Paxton
Pitching: LHP James Paxton
Batting: RHB Keon Broxton 0-0: Ball
1-0: Ball
2-0: Called Strike
2-1: Swinging Strike
2-2: Strikes out swinging
Batting: RHB Elvis Andrus 0-0: Foul Ball, location: 2F
0-1: Called Strike
0-2: DOUBLE (Line Drive, 7LS, EV 98.1 MPH)
Batting: RHB Kris Bryant 0-0: Ball
1-0: Ball
2-0: Ball
3-0: Called Strike
3-1: Foul Ball, location: 2F
3-2: 2-RUN HOME RUN (Flyball, 7D, EV 104.4 MPH), Distance : 358 ft
Batting: RHB Yoenis Cespedes 0-0: Ball
1-0: Ground out 4-3 (Groundball, 4MD, EV 110.6 MPH)
Batting: SHB Josh Bell 0-0: Swinging Strike
0-1: Ball
1-1: Ball
2-1: Called Strike
2-2: Ball
3-2: Foul Ball, location: 2F
3-2: Foul Ball, location: 2F
3-2: Ground out 6-3 (Groundball, 6M, EV 83.8 MPH)
Top of the 1st over - 2 runs, 2 hits, 0 errors, 0 left on base; Toronto 2 - Tampa Bay 0
BOTTOM OF THE 1ST
Tampa Bay Rays batting - Pitching for Toronto Blue Jays : RHP Lance Lynn
Pitching: RHP Lance Lynn
Batting: RHB Buster Posey 0-0: Ball
1-0: Ground out 1-3 (Groundball, 13, EV 81.3 MPH)
Batting: RHB Miguel Cabrera 0-0: Ball
1-0: Foul Ball, location: 2F
1-1: Ball
2-1: Ball
3-1: Ground out 4-3 (Groundball, 34, EV 80.0 MPH)
Batting: SHB Aaron Hicks 0-0: Called Strike
0-1: Ball
1-1: Foul Ball, location: 2F
1-2: Ball
2-2: Foul Ball, location: 2F
2-2: Foul Ball, location: 2F
2-2: Ball
3-2: Ground out 1-3 (Groundball, 34S, EV 88.8 MPH)
Bottom of the 1st over - 0 runs, 0 hits, 0 errors, 0 left on base; Toronto 2 - Tampa Bay 0
TOP OF THE 2ND
Toronto Blue Jays batting - Pitching for Tampa Bay Rays : LHP James Paxton
Batting: RHB Jorge Soler 0-0: Ball
1-0: Ball
2-0: Foul Ball, location: 2F
2-1: Swinging Strike
2-2: Strikes out swinging
Batting: SHB Matt Wieters 0-0: Called Strike
0-1: Swinging Strike
0-2: Ground out 1-3 (Groundball, 13, EV 65.6 MPH)
Batting: RHB Juan Lagares 0-0: Ball
1-0: Ball
2-0: Called Strike
2-1: Foul Ball, location: 2F
2-2: Foul Ball, location: 2F
2-2: Strikes out swinging wild pitch, reaches first!
Batting: RHB Dixon Machado 0-0: Ball
1-0: Called Strike
1-1: Ball
Wild Pitch!
Juan Lagares to second
2-1: Ball
3-1: Foul Ball, location: 2F
3-2: Ground out 5-3 (Groundball, 56, EV 83.1 MPH)
Top of the 2nd over - 0 runs, 0 hits, 0 errors, 1 left on base; Toronto 2 - Tampa Bay 0
BOTTOM OF THE 2ND
Tampa Bay Rays batting - Pitching for Toronto Blue Jays : RHP Lance Lynn
Batting: RHB Xander Bogaerts 0-0: Foul Ball, location: 2F
0-1: Swinging Strike
0-2: Strikes out swinging
Batting: LHB Michael Conforto 0-0: Ball
1-0: Foul Ball, location: 2F
1-1: SINGLE (Groundball, 4MD, EV 106.3 MPH)
Batting: RHB Nelson Cruz 0-0: Ball
1-0: Ball
2-0: Ball
3-0: Called Strike
3-1: Base on Balls
Michael Conforto to second
Batting: LHB Rafael Devers 0-0: Swinging Strike
0-1: Fly out, F5 (Popup, 56, EV 80.6 MPH)
Batting: RHB Marcell Ozuna 0-0: Called Strike
0-1: Ground out 5-3 (Groundball, 5, EV 82.5 MPH)
Bottom of the 2nd over - 0 runs, 1 hit, 0 errors, 2 left on base; Toronto 2 - Tampa Bay 0
TOP OF THE 3RD
Toronto Blue Jays batting - Pitching for Tampa Bay Rays : LHP James Paxton
Batting: RHB Keon Broxton 0-0: Called Strike
0-1: Ball
1-1: Called Strike
1-2: Strikes out swinging
Batting: RHB Elvis Andrus 0-0: Swinging Strike
0-1: Ball
1-1: Swinging Strike
1-2: Ball
2-2: Strikes out swinging
Batting: RHB Kris Bryant 0-0: Ground out 4-3 (Groundball, 4, EV 101.3 MPH)
Top of the 3rd over - 0 runs, 0 hits, 0 errors, 0 left on base; Toronto 2 - Tampa Bay 0
BOTTOM OF THE 3RD
Tampa Bay Rays batting - Pitching for Toronto Blue Jays : RHP Lance Lynn
Batting: RHB Enrique Hernandez 0-0: Foul Ball, location: 2F
0-1: Ball
1-1: Ground out 3-1 (Groundball, 3S, EV 72.5 MPH)
Batting: RHB Buster Posey 0-0: Swinging Strike
0-1: Called Strike
0-2: Foul Ball, location: 2F
0-2: Fly out, F5 (Popup, 5SF, EV 73.8 MPH)
Batting: RHB Miguel Cabrera 0-0: Called Strike
0-1: Foul Ball, location: 2F
0-2: Ball
1-2: Ball
2-2: Foul Ball, location: 2F
2-2: Fly out, F9 (Flyball, 9, EV 76.9 MPH)
Bottom of the 3rd over - 0 runs, 0 hits, 0 errors, 0 left on base; Toronto 2 - Tampa Bay 0
TOP OF THE 4TH
Toronto Blue Jays batting - Pitching for Tampa Bay Rays : LHP James Paxton
Batting: RHB Yoenis Cespedes 0-0: Ball
1-0: Called Strike
1-1: Ball
2-1: Called Strike
2-2: Ground out 1-3 (Groundball, 34S, EV 71.9 MPH)
Batting: SHB Josh Bell 0-0: Called Strike
0-1: Foul Ball, location: 2F
0-2: Ball
1-2: Ball
2-2: Ball
3-2: Ground out U3 (Groundball, 34S, EV 66.9 MPH)
Batting: RHB Jorge Soler 0-0: Ball
1-0: Swinging Strike
1-1: Ball
2-1: Ball
3-1: Foul Ball, location: 2F
3-2: Foul Ball, location: 2F
3-2: Foul Ball, location: 2F
3-2: Strikes out swinging
Top of the 4th over - 0 runs, 0 hits, 0 errors, 0 left on base; Toronto 2 - Tampa Bay 0
BOTTOM OF THE 4TH
Tampa Bay Rays batting - Pitching for Toronto Blue Jays : RHP Lance Lynn
Batting: SHB Aaron Hicks 0-0: Ball
1-0: Called Strike
1-1: Swinging Strike
1-2: Fly out, F9 (Flyball, 9S, EV 90.6 MPH)
Batting: RHB Xander Bogaerts 0-0: SINGLE (Groundball, 4MD, EV 108.8 MPH)
Batting: LHB Michael Conforto 0-0: Swinging Strike
0-1: Ball
1-1: Foul Ball, location: 2F
1-2: DOUBLE (Line Drive, 89D, EV 103.8 MPH)
Xander Bogaerts to third
Batting: RHB Nelson Cruz 0-0: Swinging Strike
0-1: Ball
1-1: Called Strike
1-2: Foul Ball, location: 2F
1-2: Ball
2-2: Fly out, F9 (Flyball, 9LS, EV 91.9 MPH)
Runner from 3rd tags up, SCORES, no throw by RF
Batting: LHB Rafael Devers 0-0: Ball
1-0: Ball
2-0: Ball
3-0: Fly out, F9 (Line Drive, 9D, EV 100.6 MPH)
Bottom of the 4th over - 1 run, 2 hits, 0 errors, 1 left on base; Toronto 2 - Tampa Bay 1
TOP OF THE 5TH
Toronto Blue Jays batting - Pitching for Tampa Bay Rays : LHP James Paxton
Batting: SHB Matt Wieters 0-0: Called Strike
0-1: Ground out 4-3 (Groundball, 4, EV 86.9 MPH)
Batting: RHB Juan Lagares 0-0: Called Strike
0-1: Ball
1-1: Ball
2-1: Ball
3-1: TRIPLE (Line Drive, 89XD, EV 102.5 MPH)
Batting: RHB Dixon Machado 0-0: Called Strike
0-1: Ball
1-1: Swinging Strike
1-2: Ball
2-2: Fly out, F9 (Flyball, 9, EV 78.8 MPH)
Runner from 3rd tags up, SCORES, throw by RF
Batting: RHB Keon Broxton 0-0: Called Strike
0-1: Called Strike
0-2: Ball
1-2: SINGLE (Groundball, 56D, EV 110.6 MPH)
Batting: RHB Elvis Andrus 0-0: Ball
1-0: Called Strike
1-1: Ball
2-1: Called Strike
2-2: Fielders Choice at 2nd, 6-4 (Groundball, 6, EV 89.4 MPH)
Top of the 5th over - 1 run, 2 hits, 0 errors, 1 left on base; Toronto 3 - Tampa Bay 1
BOTTOM OF THE 5TH
Tampa Bay Rays batting - Pitching for Toronto Blue Jays : RHP Lance Lynn
Batting: RHB Marcell Ozuna 0-0: Called Strike
0-1: Swinging Strike
0-2: Foul Ball, location: 2F
0-2: Ball
1-2: Ground out 3-1 (Groundball, 34, EV 83.8 MPH)
Batting: RHB Enrique Hernandez 0-0: Foul Ball, location: 2F
0-1: Ground out 4-3 (Groundball, 4, EV 86.9 MPH)
Batting: RHB Buster Posey 0-0: Ball
1-0: Called Strike
1-1: Ball
2-1: Foul Ball, location: 2F
2-2: Ball
3-2: Base on Balls
Batting: RHB Miguel Cabrera 0-0: Swinging Strike
0-1: Ball
1-1: Swinging Strike
1-2: Ball
2-2: Strikes out swinging, 2-3 out at first.
Bottom of the 5th over - 0 runs, 0 hits, 0 errors, 1 left on base; Toronto 3 - Tampa Bay 1
TOP OF THE 6TH
Toronto Blue Jays batting - Pitching for Tampa Bay Rays : LHP James Paxton
Pitching: RHP Mychal Givens
Batting: RHB Kris Bryant 0-0: Ball
1-0: Foul Ball, location: 2F
1-1: Called Strike
1-2: Strikes out swinging
Batting: RHB Yoenis Cespedes 0-0: Ball
1-0: Called Strike
1-1: Ball
2-1: Ball
3-1: Base on Balls
Batting: SHB Josh Bell 0-0: Called Strike
0-1: Foul Ball, location: 2F
0-2: Foul Ball, location: 2F
0-2: Ball
1-2: Strikes out swinging
Batting: RHB Jorge Soler 0-0: Ball
1-0: Swinging Strike
1-1: Ball
2-1: Foul Ball, location: 2F
2-2: Fielders Choice at 2nd, 6-4 (Groundball, 56, EV 85.6 MPH)
Top of the 6th over - 0 runs, 0 hits, 0 errors, 1 left on base; Toronto 3 - Tampa Bay 1
BOTTOM OF THE 6TH
Tampa Bay Rays batting - Pitching for Toronto Blue Jays : RHP Lance Lynn
Batting: SHB Aaron Hicks 0-0: Called Strike
0-1: Ball
1-1: SINGLE (Flyball, 78S, EV 95.6 MPH)
Batting: RHB Xander Bogaerts 0-0: Ball
1-0: Foul Ball, location: 2F
1-1: Called Strike
1-2: Fly out, F8 (Flyball, 8LS, EV 76.9 MPH)
Batting: LHB Michael Conforto 0-0: Ball
1-0: Called Strike
1-1: Ball
2-1: Ball
3-1: Base on Balls
Aaron Hicks to second
Batting: RHB Nelson Cruz 0-0: Ball
1-0: Called Strike
1-1: Ball
2-1: Fly out, F8 (Flyball, 8RXD, EV 96.3 MPH)
Batting: LHB Rafael Devers 0-0: Ground out U3 (Groundball, 3, EV 79.4 MPH)
Bottom of the 6th over - 0 runs, 1 hit, 0 errors, 2 left on base; Toronto 3 - Tampa Bay 1
TOP OF THE 7TH
Toronto Blue Jays batting - Pitching for Tampa Bay Rays : RHP Mychal Givens
Pitching: RHP Juan Nicasio
Batting: SHB Matt Wieters 0-0: Ball
1-0: Foul Ball, location: 2F
1-1: Swinging Strike
1-2: Ball
2-2: Foul Ball, location: 2F
2-2: DOUBLE (Line Drive, 9LS, EV 108.1 MPH)
Batting: RHB Juan Lagares 0-0: Ball
1-0: Ball
2-0: Ball
3-0: Ground out 4-3 (Groundball, 4, EV 81.3 MPH)
Matt Wieters to third
Batting: RHB Dixon Machado 0-0: Called Strike
0-1: Swinging Strike
0-2: Strikes out looking
Batting: RHB Keon Broxton 0-0: Called Strike
0-1: Called Strike
0-2: Ball
1-2: Foul Ball, location: 2F
1-2: SINGLE (Groundball, 56D, EV 99.4 MPH)
Matt Wieters scores
Batting: RHB Elvis Andrus 0-0: Ball
1-0: Called Strike
1-1: Foul Ball, location: 2F
1-2: Ball
Keon Broxton steals 2nd base
2-2: Ball
3-2: Strikes out looking
Top of the 7th over - 1 run, 2 hits, 0 errors, 1 left on base; Toronto 4 - Tampa Bay 1
BOTTOM OF THE 7TH
Tampa Bay Rays batting - Pitching for Toronto Blue Jays : RHP Lance Lynn
Pitching: RHP Mason McCullough
Batting: RHB Marcell Ozuna 0-0: Ball
1-0: Ball
2-0: Called Strike
2-1: Ball
3-1: Foul Ball, location: 2F
3-2: Base on Balls
Batting: RHB Enrique Hernandez 0-0: Ball
1-0: Called Strike
1-1: Ball
2-1: Ball
3-1: Foul Ball, location: 2F
3-2: Base on Balls
Marcell Ozuna to second
Batting: RHB Buster Posey 0-0: Ball
1-0: Called Strike
1-1: Ball
2-1: Fly out, F4 (Popup, 4S, EV 80.0 MPH)
Pitching: RHP JC Ramirez
Batting: RHB Miguel Cabrera 0-0: Called Strike
0-1: Called Strike
0-2: Strikes out swinging
Batting: SHB Aaron Hicks 0-0: Ball
1-0: Ball
2-0: Called Strike
2-1: Foul Ball, location: 2F
2-2: Ball
3-2: Strikes out looking
Bottom of the 7th over - 0 runs, 0 hits, 0 errors, 2 left on base; Toronto 4 - Tampa Bay 1
TOP OF THE 8TH
Toronto Blue Jays batting - Pitching for Tampa Bay Rays : RHP Juan Nicasio
Pitching: RHP Carson Smith
Batting: RHB Kris Bryant 0-0: Called Strike
0-1: Ball
1-1: SINGLE (Groundball, 56D, EV 103.1 MPH)
Batting: RHB Yoenis Cespedes 0-0: Ball
1-0: Called Strike
1-1: Foul Ball, location: 2F
1-2: Foul Ball, location: 2F
1-2: Foul Ball, location: 2F
1-2: Strikes out swinging
Batting: SHB Josh Bell 0-0: Called Strike
0-1: Foul Ball, location: 2F
0-2: Strikes out swinging
Batting: RHB Jorge Soler 0-0: Swinging Strike
0-1: Ball
1-1: Called Strike
1-2: Strikes out looking
Top of the 8th over - 0 runs, 1 hit, 0 errors, 1 left on base; Toronto 4 - Tampa Bay 1
BOTTOM OF THE 8TH
Tampa Bay Rays batting - Pitching for Toronto Blue Jays : RHP JC Ramirez
Pitching: RHP Trevor Rosenthal
Batting: RHB Xander Bogaerts 0-0: Called Strike
0-1: Called Strike
0-2: Ball
1-2: Foul Ball, location: 2F
1-2: Fly out, F9 (Flyball, 89M, EV 85.0 MPH)
Batting: LHB Michael Conforto 0-0: Swinging Strike
0-1: Ball
1-1: Ball
2-1: Ground out 4-3 (Groundball, 4, EV 90.6 MPH)
Batting: RHB Nelson Cruz 0-0: Ball
1-0: Ball
2-0: Ball
3-0: Base on Balls
Batting: LHB Rafael Devers 0-0: Called Strike
0-1: Foul Ball, location: 2F
0-2: Foul Ball, location: 2F
0-2: Ball
1-2: Strikes out looking
Bottom of the 8th over - 0 runs, 0 hits, 0 errors, 1 left on base; Toronto 4 - Tampa Bay 1
TOP OF THE 9TH
Toronto Blue Jays batting - Pitching for Tampa Bay Rays : RHP Carson Smith
Pitching: RHP Chris Martin
Batting: SHB Matt Wieters 0-0: Ball
1-0: Ball
2-0: Ball
3-0: Base on Balls
Batting: RHB Juan Lagares 0-0: Ball
1-0: Called Strike
1-1: Ball
2-1: Swinging Strike
2-2: Foul Ball, location: 2F
2-2: Ball
3-2: Base on Balls
Matt Wieters to second
Batting: RHB Dixon Machado 0-0: Called Strike
0-1: Fielders Choice at 2nd, 6-4 (Groundball, 6M, EV 90.0 MPH)
Matt Wieters to third
Batting: RHB Keon Broxton 0-0: Foul Ball, location: 2F
0-1: Called Strike
0-2: Foul Ball, location: 2F
0-2: Ball
1-2: Ball
2-2: Strikes out swinging
Batting: RHB Elvis Andrus 0-0: Fly out, F7 (Flyball, 78D, EV 107.5 MPH)
Top of the 9th over - 0 runs, 0 hits, 0 errors, 2 left on base; Toronto 4 - Tampa Bay 1
BOTTOM OF THE 9TH
Tampa Bay Rays batting - Pitching for Toronto Blue Jays : RHP Trevor Rosenthal
Pitching: RHP Ken Giles
Batting: RHB Marcell Ozuna 0-0: Foul Ball, location: 2F
0-1: Ball
1-1: Foul Ball, location: 2F
1-2: Strikes out swinging
Batting: RHB Enrique Hernandez 0-0: Called Strike
0-1: Ball
1-1: Ball
2-1: Fly out, F9 (Flyball, 89M, EV 87.5 MPH)
Batting: RHB Buster Posey 0-0: Ball
1-0: Foul Ball, location: 2F
1-1: Ball
2-1: Ball
3-1: Base on Balls
Batting: RHB Miguel Cabrera 0-0: Called Strike
0-1: Foul Ball, location: 2F
0-2: Foul Ball, location: 2F
0-2: Ground out 4-3 (Groundball, 4, EV 81.9 MPH)
Bottom of the 9th over - 0 runs, 0 hits, 0 errors, 1 left on base; Toronto 4 - Tampa Bay 1
Thursday, December 12th, 2019 - OOTP Baseball 20.8 Build 73